 Dungeon Crawl Stone Soup version 0.21.0-3-g78d12a8 (console) character file.

48520 removed the Cruncher (level 14, 0/82 HPs)
             Began as a Deep Elf Warper on Jan 13, 2018.
             Was the Champion of Kikubaaqudgha.
             Succumbed to Josephine's poison
             ... on level 6 of the Lair of Beasts.
             The game lasted 01:16:20 (28021 turns).

removed the Cruncher (Deep Elf Warper)             Turns: 28021, Time: 01:16:21

Health: 0/82       AC:  9    Str:  0 (8)  XL:     14   Next: 12%
Magic:  2/33       EV: 16    Int: 18 (24) God:    Kikubaaqudgha [******]
Gold:   608        SH:  0    Dex: 12 (14) Spells: 7/40 levels left

rFire    + . .     SeeInvis .   a - +7 lajatang (pain)
rCold    . . .     Gourm    +   (shield currently unavailable)
rNeg     . . .     Faith    .   H - +1 robe {rF+}
rPois    +         Spirit   .   (no helmet)
rElec    .         Reflect  .   (no cloak)
rCorr    .         Harm     .   Z - +1 pair of gloves
MR       +....                  (no boots)
Stlth    +.........             T - amulet of the gourmand
HPRegen  0.05/turn              M - ring of poison resistance
MPRegen  0.23/turn              R - +4 ring of protection

@: lethally poisoned (0 -> -14), slowed, lost strength, drained, very slow
A: deterioration 1
a: Receive Corpses, Torment, Renounce Religion


You were on level 6 of the Lair of Beasts.
You worshipped Kikubaaqudgha.
Kikubaaqudgha was exalted by your worship.
You were very full.

You visited 2 branches of the dungeon, and saw 17 of its levels.
You also visited: Volcano.

You collected 1055 gold pieces.
You spent 447 gold pieces at shops.

Inventory:

Hand Weapons
 a - a +7 lajatang of pain (weapon)
 b - a +1 whip of pain
 e - a +3 blowgun
 z - a +3 demon whip of draining
 I - a +3 dagger of venom
Missiles
 g - 5 curare-tipped needles
 i - 6 javelins (quivered)
 X - a throwing net
Armour
 l - the +3 leather armour "Tunliz" {rCorr Str-4 Int+5}
   (You bought it in a shop on level 11 of the Dungeon)

   It affects your strength (-4).
   It affects your intelligence (+5).
   It protects you from acid and corrosion.
 w - a +1 robe of cold resistance
 H - a +1 robe of fire resistance (worn)
 Z - a +1 pair of gloves (worn)
Magical Staves
 p - an uncursed staff of wizardry
 B - an uncursed staff of earth
 U - an uncursed staff of cold
Jewellery
 m - a +2 ring of protection
 y - an uncursed amulet of rage
 A - an uncursed ring of protection from fire
 D - an uncursed ring of ice
 E - an uncursed amulet of guardian spirit {unknown}
 J - an uncursed ring of flight
 M - a ring of poison resistance (left hand)
 R - a +4 ring of protection (right hand)
 T - an amulet of the gourmand (around neck)
Wands
 h - a wand of iceblast (12)
 v - a wand of scattershot (6)
 O - a wand of enslavement (5)
 P - a wand of acid (5)
Scrolls
 d - 3 scrolls of blinking
 j - 6 scrolls of remove curse
 r - 6 scrolls of enchant armour
 t - 3 scrolls of teleportation
 x - 7 scrolls of magic mapping
 C - a scroll of identify
 S - 2 scrolls of amnesia
 V - 2 scrolls of vulnerability
 W - a scroll of fear
Potions
 o - 2 potions of heal wounds
 q - 2 potions of berserk rage
 s - a potion of magic
 u - 2 potions of haste
 F - 6 potions of agility
 G - 6 potions of curing
 K - 2 potions of brilliance
 L - a potion of resistance
 N - a potion of flight
 Q - a potion of lignification
 Y - a potion of ambrosia
Comestibles
 f - 26 rations
 n - 5 chunks of flesh


   Skills:
 - Level 7.0(6.6) Fighting
   Level 1.7(1.4) Long Blades
 - Level 5.4(8.7) Maces & Flails
   Level 0.4(6.7) Polearms
 - Level 14.0(14.1) Staves
 - Level 1.0(0.6) Throwing
 - Level 0.7(0.4) Armour
 - Level 8.0(7.6) Dodging
 + Level 13.5(13.0) Spellcasting
 - Level 14.0(13.6) Necromancy
 - Level 4.0(3.7) Translocations


You had 7 spell levels left.
You knew the following spells:

 Your Spells              Type           Power        Failure   Level  Hunger
a - Pain                  Necr           ####         1%          1    None
b - Vampiric Draining     Necr           ######....   1%          3    None
c - Animate Dead          Necr           N/A          1%          4    #......
d - Agony                 Necr           ######..     1%          5    ####...
e - Regeneration          Chrm/Necr      #####.....   1%          3    None
f - Borgnjor's Vile Clut  Necr/Erth      #####.....   10%         5    ####...
g - Shroud of Golubria    Chrm/Tloc      ###.......   4%          2    None
l - Blink                 Tloc           N/A          1%          2    None
t - Teleport Other        Tloc           ####....     3%          3    None
u - Dispel Undead         Necr           ######..     1%          5    ####...


Dungeon Overview and Level Annotations

Branches:
Dungeon (11/15)            Temple (0/1) D:5            Lair (6/6) D:8
  Swamp (0/4) Lair:3       Spider (0/4) Lair:4        Slime (0/5) Lair:6
    Orc (0/2) D:10

Altars:
Ashenzari
Cheibriados
Elyvilon
Fedhas
Kikubaaqudgha
Nemelex Xobeh
Okawaru
Ru
Trog
Vehumet
Xom
Zin

Shops:
D:11 *?=*[

Annotations:
D:3 exclusion: downstairs
D:4 Menkaure
D:6 Sayani's ghost, novice MiBe
Lair:1 exclusion: oklob plant


Innate Abilities, Weirdness & Mutations

Your body sometimes deteriorates upon taking damage.


Message History

Confirm with . or Enter, or press ? or * to list all spells.
Aiming: Dispel Undead
Press: ? - help, Shift-Dir - straight line, f - wraith
Aim: a wraith The wraith convulses!
You feel sick. The wraith hits you but does no damage. The wraith hits you!
* * * LOW HITPOINT WARNING * * *
Your body deteriorates!
You feel weakened.
You have lost your strength.
The wraith drains your vigour!
You feel yourself slow down.
* * * LOW HITPOINT WARNING * * *
You feel sick. The wraith barely misses you. The wraith hits you.
* * * LOW HITPOINT WARNING * * *
You can move again.
Unknown command.
Casting: Dispel Undead
Confirm with . or Enter, or press ? or * to list all spells.
You blink.
You die...
Kikubaaqudgha rasps: "You have failed me!
Welcome... death!"

.........########
#P.........#P##..#
#..........P..#..# #
#................###
###..........hY......
#(#...........w......
#......†.##Y###....#
#......#.#### #####.
#.@...†## ## #.....P#
#......# ##.....##
#......# ##......##
#......W§# ##.....W##
#P......


You could see 2 wraiths.

Vanquished Creatures
  The ghost of Daviar the Grappler, a journeyman NaCK of Xom (Lair:5)
  The ghost of Rhok the Severer, a journeyman MiBe of Trog (D:11)
  Josephine (Lair:6)
  Fannar (D:10)
  2 hydras
  An ogre mage (Volcano)
  The ghost of microfolk the Fighter, a novice DrBe of Trog (D:10)
  5 two-headed ogres (Volcano)
  5 death yaks
  A hell knight (Volcano)
  Urug (D:11)
  Sonja (Lair:4)
  The ghost of mortelune the Destroyer, a novice DrCj of Sif Muna (D:8)
  11 elephants
  6 black mambas
  A torpor snail (Lair:6)
  12 spiny frogs
  2 centaur skeletons (D:11)
  A rime drake (Lair:4)
  2 komodo dragons
  A polar bear (Lair:6)
  2 trolls
  8 dream sheep
  4 blink frogs (Lair:4)
  6 hippogriffs
  Sigmund (D:4)
  A shadow (D:10)
  5 wyverns
  42 yaks
  3 wraiths
  6 fire bats (Volcano)
  A hungry ghost (D:10)
  An acid dragon (D:11)
  Duvessa (D:4)
  13 porcupines
  11 water moccasins
  2 orc warriors
  4 sky beasts
  3 black bears
  An eye of draining (D:9)
  An ice beast (D:6)
  A necrophage (D:7)
  6 ogres
  A phantom (D:6)
  18 wolves
  5 centaurs
  15 crocodiles
  2 gnoll sergeants
  A big kobold (D:9)
  10 bullfrogs
  Dowan (D:4)
  7 killer bees
  5 wights
  A howler monkey (D:6)
  5 electric eels
  2 crimson imps
  7 lava snakes (Volcano)
  2 quasits (D:7)
  3 hounds
  3 jellies
  A centaur zombie (D:7)
  4 orc priests
  11 orc wizards
  2 bullfrog skeletons
  Jessica (D:3)
  Terence (D:3)
  2 iguanas
  9 worker ants
  4 hell rats (Lair:6)
  A killer bee zombie (D:6)
  A mummy (D:7)
  10 gnolls
  13 adders
  3 shadow imps
  An ooze (D:2)
  2 adder zombies
  2 adder skeletons
  4 worms
  2 dart slugs (D:1)
  7 leopard geckos
  43 orcs
  A bat zombie (D:2)
  9 giant cockroaches
  11 goblins
  11 hobgoblins
  9 jackals
  5 quokkas
  A ball python (D:2)
  6 bats
  12 frilled lizards
  14 kobolds
  A leopard gecko skeleton (D:6)
  A leopard gecko zombie (D:5)
  2 quokka skeletons
  16 rats
  2 rat zombies (D:2)
494 creatures vanquished.

Vanquished Creatures (collateral kills)
  2 wolves
2 creatures vanquished.

Vanquished Creatures (others)
  A spiny frog (Lair:6)
  7 wolves
  A crocodile (Lair:6)
  A water moccasin zombie (D:8)
  A bush (Lair:6)
  14 fungi
  46 plants
71 creatures vanquished.

Grand Total: 567 creatures vanquished

Notes
Turn   | Place    | Note
-------+----------+-------------------------------------------
     0 | D:1      | removed the Deep Elf Warper began the quest for the Orb.
     0 | D:1      | Reached XP level 1. HP: 12/12 MP: 6/6
   189 | D:1      | Reached XP level 2. HP: 15/17 MP: 8/8
   230 | D:1      | Learned a level 2 spell: Blink
   233 | D:1      | Learned a level 2 spell: Shroud of Golubria
   535 | D:1      | Reached XP level 3. HP: 21/21 MP: 6/9
  1265 | D:2      | Found an ancient bone altar of Kikubaaqudgha.
  1277 | D:2      | Became a worshipper of Kikubaaqudgha
  1335 | D:2      | Found a faded altar of an unknown god.
  1358 | D:2      | Reached XP level 4. HP: 26/26 MP: 12/12
  1580 | D:2      | Reached skill level 5 in Spellcasting
  2179 | D:2      | Found a sacrificial altar of Ru.
  2190 | D:2      | Reached XP level 5. HP: 30/30 MP: 12/14
  2201 | D:2      | Reached * piety under Kikubaaqudgha
  2201 | D:2      | Identified Kikubaaqudgha's Grimoire of Sinister Arts (Kikubaaqudgha gifted it to you on level 2 of the Dungeon)
  2201 | D:2      | Received a gift from Kikubaaqudgha
  2209 | D:2      | Learned a level 3 spell: Vampiric Draining
  2416 | D:3      | Reached skill level 1 in Necromancy
  2447 | D:3      | Learned a level 1 spell: Pain
  2510 | D:3      | Noticed Jessica
  2514 | D:3      | Killed Jessica
  2830 | D:3      | Reached XP level 6. HP: 31/35 MP: 7/15
  3026 | D:3      | Noticed Terence
  3035 | D:3      | Killed Terence
  3035 | D:3      | Reached ** piety under Kikubaaqudgha
  3059 | D:3      | Reached skill level 5 in Necromancy
  3750 | D:4      | Found a shattered altar of Ashenzari.
  3768 | D:4      | Found a radiant altar of Vehumet.
  3784 | D:4      | Noticed Menkaure
  3881 | D:4      | Learned a level 3 spell: Teleport Other
  3958 | D:4      | Noticed Sigmund
  4092 | D:4      | Found a snail-covered altar of Cheibriados.
  4397 | D:5      | Entered Level 5 of the Dungeon
  4611 | D:5      | Reached XP level 7. HP: 37/40 MP: 11/17
  4783 | D:5      | Found a staircase to the Ecumenical Temple.
  4999 | D:4      | Killed Sigmund
  5489 | D:4      | Noticed Dowan
  5522 | D:4      | Killed Dowan
  5543 | D:4      | Found a bloodstained altar of Trog.
  5690 | D:4      | Found a blossoming altar of Fedhas.
  5760 | D:4      | Noticed Duvessa
  5802 | D:4      | Killed Duvessa
  6671 | D:6      | Reached XP level 8. HP: 18/48 MP: 6/20
  6873 | D:6      | Reached skill level 5 in Dodging
  6883 | D:6      | Noticed Sayani's ghost (novice MiBe)
  7014 | D:6      | Got a dazzling hand axe
  7015 | D:6      | Identified the +6 hand axe of the Middle {elec, *Contam rF+ Dex+3} (You found it on level 6 of the Dungeon)
  8105 | D:7      | Found a shimmering altar of Xom.
  8105 | D:7      | Found a glowing silver altar of Zin.
  8105 | D:7      | Noticed an angel
  8128 | D:7      | Noticed a hippogriff
  8138 | D:7      | Killed a hippogriff
  8138 | D:7      | Reached skill level 5 in Fighting
  8285 | D:7      | Reached *** piety under Kikubaaqudgha
  8285 | D:7      | Identified Kikubaaqudgha's Grimoire of Evil (Kikubaaqudgha gifted it to you on level 7 of the Dungeon)
  8285 | D:7      | Received a gift from Kikubaaqudgha
  8298 | D:7      | Learned a level 5 spell: Agony
  8304 | D:7      | Learned a level 5 spell: Dispel Undead
  8310 | D:7      | Reached XP level 9. HP: 52/54 MP: 19/23
  8333 | D:7      | Found a white marble altar of Elyvilon.
  9145 | D:7      | You fall through a shaft for 3 floors!
  9145 | D:10     | Entered Level 10 of the Dungeon
  9145 | D:10     | Noticed a gargoyle
  9229 | D:8      | Found a staircase to the Lair.
  9470 | D:8      | Reached **** piety under Kikubaaqudgha
  9629 | D:8      | Found a sacrificial altar of Ru.
  9656 | D:8      | Learned a level 3 spell: Regeneration
  9825 | D:8      | Found a sparkling altar of Nemelex Xobeh.
  9953 | D:8      | Noticed mortelune's ghost (novice DrCj)
  9959 | D:8      | Killed mortelune's ghost
  9959 | D:8      | Reached skill level 10 in Spellcasting
 10264 | D:9      | Noticed a troll
 10264 | D:9      | Reached XP level 10. HP: 40/59 MP: 20/26
 11110 | D:9      | Reached skill level 10 in Necromancy
 11433 | D:9      | Found an iron altar of Okawaru.
 11607 | D:9      | Gained mutation: Your body sometimes deteriorates upon taking damage. [mutagenic glow]
 11801 | D:10     | Noticed Fannar
 11938 | D:10     | Killed Fannar
 12252 | D:10     | Noticed microfolk's ghost (novice DrBe)
 12256 | D:10     | Killed microfolk's ghost
 12548 | D:10     | Found a staircase to the Orcish Mines.
 12629 | D:10     | Reached skill level 5 in Maces & Flails
 12800 | D:10     | Identified Viogefil's Volume of Malediction and Intoxication
 12939 | D:11     | Reached XP level 11. HP: 40/64 MP: 20/28
 13070 | D:11     | Found Jureide's Assorted Antiques.
 13100 | D:11     | Noticed Urug
 13131 | D:11     | Noticed a seven-headed hydra
 13283 | D:11     | Noticed Rhok's ghost (journeyman MiBe)
 13289 | D:11     | Killed Rhok's ghost
 13330 | D:11     | Reached ***** piety under Kikubaaqudgha
 13758 | D:11     | Found Wekhlol's Magic Scroll Shoppe.
 13774 | D:11     | Found Vicavoys's Jewellery Emporium.
 13851 | D:11     | Found Qakofaho's Antique Armour Emporium.
 13852 | D:11     | Got a steaming leather armour
 14434 | D:11     | Found Byxzusof's General Store.
 14760 | D:11     | Killed Urug
 15061 | D:11     | Identified the +0 leather armour of Ziubom {Regen+} (You took it off an orc wizard on level 11 of the Dungeon)
 15095 | D:11     | Bought a scroll labeled NUALAK USKOE for 35 gold pieces
 15095 | D:11     | Bought a scroll labeled NUALAK USKOE for 35 gold pieces
 15122 | D:11     | Bought a pitted leather armour for 182 gold pieces
 15132 | D:11     | Identified the +3 leather armour "Tunliz" {rCorr Str-4 Int+5} (You bought it in a shop on level 11 of the Dungeon)
 15133 | D:11     | Bought a pair of runed gloves for 195 gold pieces
 15173 | D:10     | Identified a scroll of acquirement
 15318 | Lair:1   | Entered Level 1 of the Lair of Beasts
 15386 | Lair:1   | Reached skill level 1 in Staves
 15477 | Lair:1   | Found a blossoming altar of Fedhas.
 15631 | Lair:1   | Found a dark tunnel.
 15639 | Volcano  | Entered a volcano
 16322 | Volcano  | Reached skill level 5 in Staves
 16469 | Volcano  | Noticed a two-headed ogre
 16469 | Volcano  | Noticed a two-headed ogre
 16476 | Volcano  | Killed a two-headed ogre
 16476 | Volcano  | Reached XP level 12. HP: 51/72 MP: 6/30
 16538 | Volcano  | Killed a two-headed ogre
 16830 | Volcano  | Noticed a two-headed ogre
 16830 | Volcano  | Noticed a two-headed ogre
 16831 | Volcano  | Noticed an ogre mage
 16849 | Volcano  | Killed a two-headed ogre
 16853 | Volcano  | Paralysed by an ogre mage for 3 turns
 16900 | Volcano  | Killed a two-headed ogre
 17023 | Volcano  | Killed an ogre mage
 17202 | Volcano  | Noticed a two-headed ogre
 17206 | Volcano  | Killed a two-headed ogre
 17293 | Volcano  | Found a radiant altar of Vehumet.
 17353 | Volcano  | Found a bloodstained altar of Trog.
 18529 | Lair:2   | Noticed a death yak
 18549 | Lair:1   | Killed a death yak
 18549 | Lair:1   | Reached skill level 10 in Staves
 18694 | Lair:2   | Noticed a death yak
 18708 | Lair:2   | Noticed a death yak
 18715 | Lair:1   | Killed a death yak
 18846 | Lair:2   | Noticed a death yak
 18847 | Lair:2   | Noticed a death yak
 18848 | Lair:2   | Noticed a death yak
 19088 | Lair:2   | Noticed a six-headed hydra
 19104 | Lair:2   | Killed a six-headed hydra
 19554 | Lair:2   | Killed a death yak
 20855 | Lair:2   | Reached XP level 13. HP: 74/76 MP: 27/31
 23099 | Lair:3   | Found a staircase to the Swamp.
 23885 | Lair:4   | Found a hole to the Spider Nest.
 23891 | Lair:4   | Noticed Sonja
 23904 | Lair:4   | Killed Sonja
 24433 | Lair:4   | Learned a level 4 spell: Animate Dead
 24439 | Lair:4   | Learned a level 5 spell: Borgnjor's Vile Clutch
 25509 | Lair:5   | Noticed Daviar's ghost (journeyman NaCK)
 25630 | Lair:5   | Killed Daviar's ghost
 26440 | Lair:6   | Entered Level 6 of the Lair of Beasts
 27298 | Lair:6   | Reached ****** piety under Kikubaaqudgha
 27343 | Lair:6   | Identified a +6 lajatang of pain (a +4 lajatang of protection bloodied by Kikubaaqudgha)
 27343 | Lair:6   | Received a gift from Kikubaaqudgha
 27617 | Lair:6   | Reached XP level 14. HP: 82/82 MP: 29/32
 27772 | Lair:6   | Found a staircase to the Slime Pits.
 27832 | Lair:6   | Noticed Josephine
 28014 | Lair:6   | HP: 2/82 [Josephine/vampiric draining (9)]
 28018 | Lair:6   | Killed Josephine
 28019 | Lair:6   | HP: 4/82 [wraith[Josephine] (11)]
 28019 | Lair:6   | Lost strength.
 28020 | Lair:6   | HP: 1/82 [wraith[Josephine] (2)]
 28021 | Lair:6   | Succumbed to Josephine's poison

Skill      XL: |  1  2  3  4  5  6  7  8  9 10 11 12 13 14 |
---------------+-------------------------------------------+-----
Dodging        | 3 4 7 8 |  8.0
Fighting       | 2 4 5 6 7 |  7.0
Translocations | 4 |  4.0
Spellcasting   | 4 5 6 8 10 11 12 13 | 13.5
Necromancy     | 3 6 9 10 12 14 | 14.0
Maces & Flails | 5 |  5.4
Staves         | 5 11 14 | 14.0
Long Blades    | |  1.7
Polearms       | |  0.4
Throwing       | |  1.0
Armour         | |  0.7

Action                   |  1- 3 |  4- 6 |  7- 9 | 10-12 | 13-15 || total
-------------------------+-------+-------+-------+-------+-------++-------
Melee: Falchion          |   136 |       |       |       |       ||   136
       Dagger            |    13 |   248 |    75 |    14 |       ||   350
       Hand axe          |       |       |   199 |    49 |       ||   248
       Whip              |       |       |       |   198 |       ||   198
       Lajatang          |       |       |       |   230 |   561 ||   791
Throw: Javelin           |     4 |    24 |    15 |       |       ||    43
       Tomahawk          |       |     7 |       |       |       ||     7
 Cast: Shroud of Golubri |    18 |    36 |    32 |    10 |       ||    96
       Vampiric Draining |       |     3 |    22 |   117 |    65 ||   207
       Pain              |       |    12 |    29 |   100 |    10 ||   151
       Teleport Other    |       |       |    21 |    21 |       ||    42
       Blink             |       |       |     5 |     5 |     6 ||    16
       Dispel Undead     |       |       |     9 |    19 |     9 ||    37
       Agony             |       |       |     5 |    91 |    85 ||   181
       Regeneration      |       |       |       |     8 |    19 ||    27
Invok: Brand Weapon With |       |       |       |       |     1 ||     1
Evoke: Wand              |       |       |       |     5 |     7 ||    12
  Use: Scroll            |       |     5 |     6 |    21 |     3 ||    35
       Potion            |       |       |     1 |       |     3 ||     4
 Stab: Paralysed         |       |     1 |       |       |       ||     1
       Invisible         |       |       |     3 |       |       ||     3
       Distracted        |       |       |       |     1 |       ||     1
  Eat: Chunk             |     3 |    10 |    18 |    51 |    34 ||   116
       Ration            |       |       |     2 |     1 |       ||     3
Armor: Leather armour    |    42 |    63 |    82 |   172 |    24 ||   383
       Robe              |       |       |       |    30 |   123 ||   153
Dodge: Dodged            |   119 |   128 |   265 |   463 |   387 ||  1362
       Rpst.: Falchion   |    31 |       |       |       |       ||    31
